 Dungeon Crawl Stone Soup version 0.28-a0-1190-g77e1c55843 (webtiles) character file.

Game seed: 11868817779411418292

2557 rogsnak the Conjurer (level 9, -16/61 HPs)
             Began as a Demonspawn Air Elementalist on Dec 18, 2021.
             Was a Follower of Sif Muna.
             Demolished by a two-headed ogre (20 damage)
             ... on level 7 of the Dungeon on Dec 19, 2021.
             The game lasted 00:20:44 (10330 turns).

rogsnak the Conjurer (Demonspawn Air Elementalist) Turns: 10330, Time: 00:20:45

Health: -16/61     AC:  4    Str:  8    XL:     9   Next: 31%
Magic:  7/18       EV: 13    Int: 22    God:    Sif Muna [*.....]
Gold:   421        SH:  0    Dex: 13    Spells: 9/20 levels left

rFire   . . .      SeeInvis .   q - +2 dagger (venom)
rCold   . . .      Faith    .   (no shield)
rNeg    . . .      Spirit   .   a - +0 robe
rPois   .          Reflect  .   (helmet restricted)
rElec   .          Harm     .   k - +0 cloak
rCorr   .          Rampage  .   (no gloves)
Will    .....                   u - +0 pair of boots
Stlth   ++........              (no amulet)
HPRegen 0.20/turn               (no ring)
MPRegen 0.16/turn               (no ring)

@: swift, studying Armour, quick
A: horns 1, foul stench 1, sturdy frame 1
a: Renounce Religion, Channel Magic


You were on level 7 of the Dungeon.
You worshipped Sif Muna.
Sif Muna was aware of your devotion.
You visited 2 branches of the dungeon, and saw 9 of its levels.

You collected 421 gold pieces.

Inventory:

Hand Weapons
 b - a +0 dagger
 m - a +0 mace
 q - a +2 dagger of venom (weapon)
 B - a +1 short sword of venom
 C - a +0 whip of electrocution
Missiles
 f - 5 javelins
 h - 2 throwing nets
 G - 5 poisoned darts
Armour
 a - a +0 robe (worn)
 k - a +0 cloak (worn)
 u - a +0 pair of boots (worn)
 y - a +0 leather armour
Jewellery
 r - a ring of ice
Wands
 n - a wand of mindburst (14)
 A - a wand of iceblast (6)
Scrolls
 e - 3 scrolls of identify {unknown}
 g - a scroll of enchant armour {unknown}
 j - 2 scrolls of enchant weapon {unknown}
 l - 2 scrolls of amnesia {unknown}
 o - 2 scrolls of fear {unknown}
 s - 2 scrolls of fog {unknown}
 v - 3 scrolls of teleportation {unknown}
 w - a scroll of holy word {unknown}
 x - a scroll of vulnerability {unknown}
 E - a scroll of immolation {unknown}
 F - a scroll of blinking {unknown}
Potions
 c - 2 potions of magic {unknown}
 d - 2 potions of lignification {unknown}
 i - 2 potions of haste {unknown}
 p - 2 potions of curing {unknown}
 t - a potion of degeneration {unknown}
 z - 2 potions of might {unknown}
 D - a potion of resistance {unknown}


   Skills:
 + Level 2.0 Fighting
 * Level 4.9 Dodging
 - Level 2.0 Stealth
 + Level 6.1 Spellcasting
 + Level 7.5 Conjurations
 + Level 5.7 Air Magic
 * Level 0.7 Earth Magic


You had 9 spell levels left.
You knew the following spells:

 Your Spells              Type           Power      Damage    Failure   Level
a - Shock                 Conj/Air       100%       1d9       1%          1
b - Swiftness             Air            31%        N/A       2%          3
c - Airstrike             Air            15%        N/A       9%          4
d - Stone Arrow           Conj/Erth      48%        3d10      4%          3

Your spell library contained the following spells:

 Spells                   Type           Power      Damage    Failure   Level
 Static Discharge         Conj/Air       35%        N/A       1%          2
 Sandblast                Erth           18%        2d7       7%          1
 Animate Skeleton         Necr           12%        N/A       9%          1
 Pain                     Necr           24%        1d5       9%          1
 Passwall                 Tmut/Erth      6%         N/A       12%         2
 Ensorcelled Hibernation  Hex/Ice        12%        N/A       14%         2
 Fulminant Prism          Conj/Hex       11%        3d9       19%         4
 Iskenderun's Mystic Bla  Conj/Tloc      23%        2d6       19%         4
 Spider Form              Tmut/Pois      6%         N/A       26%         3
 Vampiric Draining        Necr           6%         2d6       26%         3
 Lee's Rapid Deconstruct  Erth           4%         3d6*      88%         5


Dungeon Overview and Level Annotations

Branches:
Dungeon (8/15)             Temple (1/1) D:4
   Lair: D:8-11

Altars:
Dithmenos
Elyvilon
Gozag
Kikubaaqudgha
Makhleb
Nemelex Xobeh
Okawaru
Qazlal
Ru
Sif Muna
Trog
Uskayaw
Vehumet
Wu Jian
Xom
Yredelemnul
Zin
The Shining One

Shops:
D:2 [

Annotations:
D:4 2 runed translucent doors, RancidPinata's ghost, novice GrDe; Sigmund
D:8 Gastronok


Innate Abilities, Weirdness & Mutations

You have a pair of small horns on your head.
You may rarely emit foul miasma when damaged in melee.
Your movements are slightly less encumbered by armour. (ER -2)


Message History

Unknown command.
Casting: Stone Arrow (dangerous; 4% risk of failure)
Confirm with . or Enter, or press ? or * to list all spells.
Aiming: Stone Arrow (dangerous; 4% risk of failure)
Press: ? - help, Shift-Dir - straight line, f/p - howler monkey
Aim: a howler monkey (catching its breath, 68% to hit)
The stone arrow hits the howler monkey!
The howler monkey is heavily wounded.
The howler monkey hits you but does no damage.
An orc comes into view. It is wielding a +0 club.
The two-headed ogre hits you with a +0 giant spiked club!!
You emit a cloud of foul miasma!
The two-headed ogre barely misses you.
The howler monkey completely misses you.
Unknown command.
The howler monkey hits you.
The two-headed ogre is engulfed in dark miasma.
The two-headed ogre is poisoned.
The two-headed ogre barely misses you. The two-headed ogre misses you.
You climb upwards.
There is a stone staircase leading down, spattered with blood here.
Casting: Stone Arrow (dangerous; 4% risk of failure)
Confirm with . or Enter, or press ? or * to list all spells.
Aiming: Stone Arrow (dangerous; 4% risk of failure)
Press: ? - help, Shift-Dir - straight line, f - howler monkey
Aim: a howler monkey (heavily wounded, 68% to hit)
The stone arrow hits the howler monkey!
You kill the howler monkey!
Sif Muna accepts your kill.
Unknown command.
Unknown command.
Things that are here:
a howler monkey corpse; a howler monkey skeleton The two-headed ogre looks more healthy.
Casting: Stone Arrow (dangerous; 4% risk of failure)
Confirm with . or Enter, or press ? or * to list all spells.
You feel quick.
The two-headed ogre hits you with a +0 giant spiked club!!
* * * LOW HITPOINT WARNING * * *
The two-headed ogre hits you with a +0 dire flail!!
You die...

#.....##.# ##.#
#.....##.# #.#
#..)...#.# ####.#
#......#.# #....#
#......#.#######.####
######.#......##.#
#.######.##.#
#######.######.##.#
#...O@.#.......##.####
#†#####.##.##...#.....
#># #.#.###.........
#.# #..## #....#####
#.# #..# ##...# #.#
##.## #...# #.# ##.##
##.##
#.########.###..#
#.............#.#


You could see a two-headed ogre.

Vanquished Creatures
  A shadow (D:5)
  6 yaks
  2 black bears
  2 ice beasts
  2 necrophages
  A centaur (D:8)
  A kobold brigand (D:7)
  3 scorpions
  2 howler monkeys (D:7)
  A centaur zombie (D:7)
  2 jellies
  4 orc priests
  2 bullfrog skeletons
  A hound (D:5)
  2 iguanas
  3 orc wizards
  A killer bee zombie (D:8)
  A hound zombie (D:5)
  6 adders
  3 gnolls (D:3)
  A shadow imp (D:4)
  A white imp (D:6)
  2 ufetubi
  A dart slug (D:3)
  17 orcs
  2 endoplasms
  2 giant cockroaches (D:3)
  6 goblins
  5 hobgoblins
  6 jackals
  7 kobolds
  A quokka (D:1)
  11 ball pythons
  5 bats
  3 frilled lizards
  2 rats (D:1)
118 creatures vanquished.

Vanquished Creatures (others)
  20 fungi (D:8)
  24 plants (D:8)
44 creatures vanquished.

Grand Total: 162 creatures vanquished

Notes
Turn   | Place    | Note
-------+----------+-------------------------------------------
     0 | D:1      | rogsnak the Demonspawn Air Elementalist began the quest for
                  | the Orb.
     0 | D:1      | Reached XP level 1. HP: 13/13 MP: 3/3
   391 | D:1      | Gained mutation: Your movements are slightly less
                  | encumbered by armour. (ER -2) [demonic ancestry]
   391 | D:1      | Reached XP level 2. HP: 12/19 MP: 0/5
   899 | D:1      | Found a faded altar of an unknown god.
  1465 | D:2      | Reached XP level 3. HP: 10/24 MP: 0/6
  1923 | D:2      | Found Ahybaines's Armour Shoppe.
  2270 | D:2      | Reached skill level 2 in Conjurations
  2769 | D:3      | Reached XP level 4. HP: 9/30 MP: 2/7
  3343 | D:3      | Found a stormy altar of Qazlal.
  3346 | D:3      | Found a shimmering altar of Xom.
  4145 | D:4      | Found a staircase to the Ecumenical Temple.
  4154 | Temple   | Entered the Ecumenical Temple
  4408 | Temple   | Became a worshipper of Sif Muna the Loreminder
  4711 | D:4      | Noticed Sigmund
  4870 | D:4      | Noticed a black bear
  4903 | D:4      | Reached skill level 3 in Conjurations
  4903 | D:4      | Reached XP level 5. HP: 13/35 MP: 2/9
  4905 | D:4      | Killed a black bear
  5697 | D:4      | Found a large runed translucent door.
  5698 | D:4      | Found a large runed translucent door.
  5701 | D:4      | Noticed RancidPinata's ghost (novice GrDe)
  5766 | D:4      | Learned a level 3 spell: Swiftness
  5771 | D:4      | Learned a level 4 spell: Airstrike
  5789 | D:5      | Entered Level 5 of the Dungeon
  5849 | D:5      | Reached XP level 6. HP: 38/42 MP: 5/10
  5905 | D:5      | Reached skill level 4 in Conjurations
  6246 | D:5      | Learned a level 3 spell: Stone Arrow
  6349 | D:5      | Noticed a shadow
  6354 | D:5      | Killed a shadow
  6355 | D:5      | Reached skill level 1 in Fighting
  6355 | D:5      | Reached XP level 7. HP: 30/48 MP: 6/12
  6464 | D:5      | Noticed a yak
  6497 | D:5      | Killed a yak
  6498 | D:5      | Reached skill level 5 in Conjurations
  7729 | D:6      | Reached * piety under Sif Muna
  7730 | D:6      | Gained mutation: You have a pair of small horns on your
                  | head. [demonic ancestry]
  7730 | D:6      | Reached XP level 8. HP: 18/54 MP: 7/14
  8200 | D:6      | Reached skill level 6 in Conjurations
  8345 | D:7      | Reached skill level 5 in Spellcasting
  8345 | D:7      | Reached skill level 5 in Air Magic
  8688 | D:7      | Reached skill level 7 in Conjurations
  9009 | D:7      | Gained mutation: You may rarely emit foul miasma when
                  | damaged in melee. [demonic ancestry]
  9009 | D:7      | Reached XP level 9. HP: 54/61 MP: 6/17
  9233 | D:7      | Upgraded the game from 0.28-a0-1184-g53156a8862 to
                  | 0.28-a0-1190-g77e1c55843
  9252 | D:8      | Noticed Gastronok
  9394 | D:8      | Noticed a two-headed ogre
 10330 | D:7      | Demolished by a two-headed ogre

Illustrated notes

Levels and vault maps discovered:
D:1:      dpeg_arrival_fog, layout_loops_cross, shapermc_ecumenical_altar_ellora
D:2:      layout_basic, serial_shops, nicolae_shop_advertising_works
          [nicolae_subvault_shop_adworks], lemuel_old_faithful
D:3:      layout_basic, nicolae_overflow_squiral, minmay_crystal_room
D:4:      layout_cave_pods, minmay_temple_entry_waves,
          ebering_ghost_disaster_area, fountainhead, uniq_sigmund
D:5:      layout_loops_ring, minmay_manual_macuahuitl
D:6:      layout_gridville
D:7:      layout_loops_ring
D:8:      layout_cave_pools, due_lair_maze_entry_diamond, uniq_maurice,
          uniq_gastronok
Temple:   mainiacjoe_temple_cubbyholes

Skill      XL: |  1  2  3  4  5  6  7  8  9 |
---------------+----------------------------+-----
Air Magic      | 3 4 5 |  5.7
Stealth        | 2 |  2.0
Dodging        | 2 3 4 |  4.9
Conjurations   | 2 3 4 5 7 |  7.5
Spellcasting   | 3 4 5 6 |  6.1
Fighting       | 1 2 |  2.0
Earth Magic    | |  0.7

Action                   |  1- 3 |  4- 6 |  7- 9 || total
-------------------------+-------+-------+-------++-------
Melee: Unarmed           |    17 |       |       ||    17
       Dagger            |    46 |    12 |    39 ||    97
       Mace              |       |    12 |       ||    12
       Headbutt          |       |       |     2 ||     2
 Cast: Shock             |    72 |   100 |   130 ||   302
       Stone Arrow       |       |       |    10 ||    10
       Airstrike         |       |       |     5 ||     5
       Swiftness         |       |       |     1 ||     1
 Stab: Sleeping          |       |     1 |       ||     1
Armor: Robe              |    21 |    10 |    19 ||    50
Dodge: Dodged            |    76 |    33 |    82 ||   191

Table legend: (Time is in decaauts)
 A = Elapsed time spent in this place.
 B = Non-inter-level travel time spent in this place.
 C = Inter-level travel time spent in this place.
 D = Time resting spent in this place.
 E = Time spent auto-exploring this place.
 F = Levels seen in this place.
 G = Mean time per level.
                   A        B        C        D        E       F      G
               +--------+--------+--------+--------+--------+-----+--------+
         Total |  10344 |  10213 |    131 |   3337 |   4987 |   9 | 1149.3 |
       Dungeon |   9970 |   9839 |    131 |   3237 |   4762 |   8 | 1246.2 |
        Temple |    373 |    373 |      0 |    100 |    225 |   1 |  373.0 |
               +--------+--------+--------+--------+--------+-----+--------+

Top non-repeatable levels by time:
     D:7: 2107 daAuts
     D:1: 1439 daAuts
     D:4: 1388 daAuts
     D:5: 1376 daAuts
     D:3: 1315 daAuts
     D:2: 1280 daAuts
     D:6: 989 daAuts
  Temple: 373 daAuts
     D:8: 73 daAuts
